cohdb
Replays
Latest Replays
All Replays
Popular Replays
Top Player Replays
Match Explorer
How It Works
Community
CoH3 Stats
Reddit
Sign in to upload your games and track your stats! →
Sign in with Steam
Match 44301758
Unlisted
Match 44301758
Overview
Messages
Build Orders
End
Pioneer Squad
Construct Infanterie Kompanie
Selects Terror Battlegroup
Selects Machine Gun Camouflage
MG 42 Machine Gun Team
MG 42 Machine Gun Team
MG 42 Machine Gun Team
Medical Station
Grenadier Squad
Selects Interrogate
Construct Panzergrenadier Kompanie
Construct Luftwaffe Kompanie
Jäger Squad
Lemon
Legionary
0
0
Comments
sign in to comment!
No comments posted yet!